[Event "CCT Chessable Masters D-I 2024"]
[Site "Online"]
[Date "2024.02.05"]
[Round "54"]
[White "Firouzja, Alireza"]
[Black "Lazavik, Denis"]
[Result "1-0"]
[ECO "C54"]
[WhiteElo "2759"]
[BlackElo "2566"]
[Annotator "TA"]
[PlyCount "119"]
[EventDate "2024.01.12"]
[EventType "k.o."]
[EventCountry "NET"]
[SourceTitle "playchess.com"]
[Source "ChessBase"]
[SourceQuality "1"]
[TimeControl "600+2"]

1. e4 e5 2. Nf3 Nc6 3. Bc4 Bc5 4. d3 Nf6 5. h3 d6 6. c3 a6 7. Nbd2 Ba7 8. Bb3 O-O 9. Nf1 Be6 {[%emt 0:02:04] now supersedes 9...d5. C54: Giuoco Piano: 4 c3 Nf6, main lines with 5 d4 and 5 d3.} 10. Bc2 d5 11. exd5 $5 {[%emt 0:01:01][%mdl 4] Exploring less charted territory.} Bxd5 $146 ({Predecessor:} 11... Nxd5 12. Ng3 f6 13. O-O Qd7 14. Re1 Rfe8 15. Nh2 Rad8 16. Ng4 Nce7 17. Qf3 Ng6 {1-0 Sosa,T (2558)-Akbas,U (2446) Sant Boi de Llobregat op 4th 2023 (9)}) 12. Ng3 Re8 13. O-O e4 14. dxe4 Nxe4 15. Bf4 Nxg3 16. Bxg3 Bb6 17. Re1 Rxe1+ 18. Qxe1 Qf6 19. Qe2 Bxf3 20. gxf3 g6 21. Re1 Rd8 22. Kg2 Kg7 23. Ba4 Rd7 (23... Bc5 $11 {remains equal.}) 24. Qe8 Rd8 25. Qe4 Rd7 26. Bh4 (26. Bxc6 {seems wilder.} Qxc6 27. Qe8 Rd3 28. Be5+) 26... Qf5 27. Qxf5 (27. Bxc6 {is more complex.} bxc6 28. Qxc6 Rd2 29. b4) 27... gxf5 28. Bxc6 bxc6 29. Bg5 f6 30. Bf4 Kf7 31. Kf1 Rd3 (31... c5 $11) 32. Ke2 $14 Rd8 33. Rd1 Rxd1 34. Kxd1 Bxf2 (34... c5 $14) 35. Bxc7 $16 Ke6 36. Ke2 Bc5 37. Kd3 Kd5 38. b4 Bf2 39. c4+ Ke6 40. Kc3 Be1+ 41. Kb3 Kd7 42. Bf4 Kc8 43. Be3 Bg3 44. a4 Kb7 45. b5 cxb5 $2 (45... Bh2 46. f4 cxb5) 46. cxb5 $18 ({Weaker is} 46. axb5 axb5 47. cxb5 Kc7 $18) 46... axb5 47. axb5 Kc7 48. Kc4 Kd6 49. Bc5+ Ke6 50. b6 Kd7 51. Kd5 Bf4 52. Bd4 (52. Bb4 $142 Be3 53. Ba5 (53. Bc5 f4 $18) 53... Bf4 54. b7 Bh2 55. Bb6 Bb8 56. Bc5 h6 57. Bb6) 52... Bg5 53. Bc5 Bf4 $1 54. b7 Kc7 55. Bd6+ Bxd6 {[%emt 0:00:01] [#]} 56. b8=Q+ $2 (56. b8=R $1 $18 Kxb8 57. Kxd6) 56... Kxb8 $14 57. Kxd6 Kb7 $2 (57... f4 $14 58. h4 Kb7) 58. Ke6 Kc6 59. Kxf5 Kd6 60. Kxf6 1-0

[Event "CCT Chessable Masters D-I 2024"]
[Site "Online"]
[Date "2024.02.05"]
[Round "54"]
[White "Lazavik, Denis"]
[Black "Firouzja, Alireza"]
[Result "1/2-1/2"]
[ECO "E48"]
[WhiteElo "2566"]
[BlackElo "2759"]
[Annotator "TA"]
[PlyCount "155"]
[EventDate "2024.01.12"]
[EventType "k.o."]
[EventCountry "NET"]
[SourceTitle "playchess.com"]
[Source "ChessBase"]
[SourceQuality "1"]
[TimeControl "600+2"]

1. d4 Nf6 2. c4 e6 3. Nc3 Bb4 4. e3 O-O 5. Bd3 c5 6. Nge2 d5 7. cxd5 cxd4 8. exd4 Nxd5 9. O-O Nc6 10. Bc2 Be7 11. Qd3 g6 12. a3 b6 13. Bh6 Re8 14. Qf3 Bb7 15. Be4 Na5 16. Rac1 Bg5 17. Bxg5 Qxg5 18. Nxd5 exd5 19. Rc7 Re7 20. Rxe7 Qxe7 21. Bxd5 Bxd5 22. Qxd5 Rd8 23. Qb5 Qe4 24. Rd1 Rc8 25. Nc3 Qc2 26. Re1 Qd2 27. Re8+ Rxe8 28. Qxe8+ Kg7 29. Qe5+ Kg8 30. h4 Nc4 31. Qf6 Qxb2 32. Nd5 Qb1+ 33. Kh2 Qe4 34. Ne7+ Kf8 35. Nc6 Kg8 36. Nxa7 (36. d5 $5 ) 36... Nxa3 37. Nc8 Nc4 38. d5 b5 (38... Ne5 $5 39. f3 (39. Nxb6 Ng4+ 40. Kg3 Nxf6 41. f3 Qe1+ 42. Kh2 Nh5 43. Nc8 Nf4 44. d6 Qf2 45. Ne7+ Kg7) 39... Nxf3+ 40. Qxf3 Qxh4+ 41. Qh3 Qf4+ 42. g3 Qd2+ 43. Qg2 Qh6+ 44. Qh3 Qd2+ 45. Qg2 Qh6+ 46. Qh3 Qd2+ $11) 39. d6 Qe5+ 40. Qxe5 Nxe5 41. Nb6 b4 (41... Kf8 $11) 42. f4 (42. d7 $14 Nc6 43. Nd5) 42... Ng4+ (42... Nc6 $15 43. Kg3 Kg7) 43. Kg3 $11 Nf6 $1 44. d7 Nxd7 $1 45. Nxd7 b3 46. Nf6+ Kg7 47. Ne4 b2 48. Nc3 Kf6 49. Kf3 h5 $1 50. Ke4 Ke6 51. f5+ Kf6 (51... gxf5+ $11 {remains equal.} 52. Kd4 Kd6) 52. Kf4 (52. Nd5+ $16 Kg7 53. Nc3) 52... gxf5 $11 53. g3 Ke6 $1 54. Nb1 Kf6 55. Nc3 Ke6 $1 56. Kg5 Ke5 57. Kxh5 Kd4 58. Nb1 Kd3 59. Kg5 Kc2 60. Na3+ Kb3 61. Nb1 Kc2 62. h5 $2 (62. Na3+ $11 Kb3 63. Nb1) 62... Kxb1 $19 63. h6 {[%emt 0:00:00] [#]} Ka2 $2 (63... f6+ $1 $19 64. Kg6 Ka2) 64. h7 $1 $11 b1=Q (64... b1=R $2 {too greedy.} 65. h8=Q $18) 65. h8=Q Qe4 66. Qc3 Qg4+ 67. Kf6 Qg6+ 68. Ke7 Qe6+ 69. Kf8 Kb1 70. Qc7 Kb2 71. Qe7 Qg6 72. Qe5+ Kc2 73. Ke7 Kd3 74. Qf4 Qe6+ 75. Kf8 Qg6 76. Ke7 Qe6+ 77. Kf8 Qg6 78. Ke7 1/2-1/2